AoeStats
← schober_thomas

Arabia

503214631Analyzed
1v1 RM · 1mo ago on Aug 30, 2026· 54m 18s· 2 players
Game mode
Random Map
Map size
Tiny (2 player)
Population
200
Speed
Normal
Resources
Standard
Victory
Conquest
Starting age
Dark Age
Ending age
Imperial Age
RankedLock teamsTeams togetherTeam positionsShared explorationLock speedFull tech treeHidden civsTurbo modeCheats
Victory
Defeat
🇦🇹 Inca · Austria
1511
+18
🇺🇸 Bulgarians · United States
1544
-18
schober_thomas
6:26 Loom
9:20 Feudal Age
9:55 Double-Bit Axe
9:51 Horse Collar
13:21 Fletching
21:29 Castle Age
20:14 Padded Archer Armor
21:31 Crossbowman
22:07 Bodkin Arrow
22:17 Gold Mining
22:44 Bow Saw
23:01 Gold Mining
27:25 Wheelbarrow
31:08 Scale Mail Armor
31:49 Gold Shaft Mining
31:04 Town Watch
35:41 Imperial Age
34:05 Squires
34:09 Andean Sling
35:27 Leather Archer Armor
35:33 Forging
35:40 Chain Mail Armor
38:02 Iron Casting
37:47 Hand Cart
39:07 Conscription
39:01 Heavy Plow
40:01 Plate Mail Armor
41:39 Blast Furnace
41:25 Elite Kamayuk
42:55 Fabric Shields
45:39 Chemistry
44:59 Ballistics
49:44 Hoardings
49:31 Thumb Ring
49:52 Guilds
51:06 Siege Engineers
51:14 Capped Ram
52:15 Town Patrol
52:29 Masonry
52:17 Murder Holes
52:55 Bracer
52:46 Siege Ram
Portugeezer3
6:50 Loom
9:31 Feudal Age
11:23 Double-Bit Axe
12:00 Arson
16:02 Fletching
18:22 Padded Archer Armor
19:06 Horse Collar
22:54 Castle Age
21:32 Gold Mining
22:42 Scale Mail Armor
23:24 Gambesons
23:42 Squires
23:59 Chain Mail Armor
23:11 Elite Skirmisher
24:31 Leather Archer Armor
25:41 Bodkin Arrow
28:22 Bow Saw
29:59 Wheelbarrow
29:10 Town Watch
31:13 Bloodlines
31:41 Heavy Plow
34:56 Imperial Age
32:36 Scale Barding Armor
32:41 Stone Mining
34:16 Hand Cart
34:26 Chain Barding Armor
34:50 Husbandry
35:01 Forging
34:59 Cavalier
36:20 Plate Barding Armor
38:20 Iron Casting
38:58 Conscription
41:24 Stirrups
43:53 Plate Mail Armor
43:09 Light Cavalry
46:48 Blast Furnace
46:36 Masonry
49:00 Bagains
51:34 Chemistry
52:21 Ballistics
51:49 Hussar
Connection lost

Rejoining the realm…

Still unreachable

The connection could not be restored.

Session expired

The server has moved on; the page needs a fresh start.